| TOP OF THE 1ST |
|
San Juan Pitorros batting - Pitching for Mazatlan Playas : RHP Rick Sutcliffe
|
|
Pitching: RHP Rick Sutcliffe
|
|
|
Batting: LHB Jeffrey Szczecinski
|
0-0: Called Strike 0-1: Ball 1-1: Foul Ball, location: 2F 1-2: Foul Ball, location: 2F 1-2: Ball 2-2: Fly out, F4 (Popup, 34D, EV 68.8 MPH)
|
|
Batting: RHB Mike A Marshall
|
0-0: Ball 1-0: Fly out, F5 (Flyball, 5D, EV 94.4 MPH)
|
|
Batting: RHB Tim Teufel
|
0-0: Ball 1-0: Swinging Strike 1-1: Ball 2-1: Ball 3-1: Base on Balls
|
|
Batting: LHB Franklin Stubbs
|
0-0: Ball 1-0: Ball 2-0: Called Strike 2-1: Foul Ball, location: 2F 2-2: Ball 3-2: Base on Balls Tim Teufel to second
|
|
Batting: RHB Chris Brown
|
0-0: Called Strike 0-1: Swinging Strike 0-2: Foul Ball, location: 2F 0-2: Strikes out swinging
|
| Top of the 1st over - 0 runs, 0 hits, 0 errors, 2 left on base; San Juan 0 - Mazatlan 0 |
| BOTTOM OF THE 1ST |
|
Mazatlan Playas batting - Pitching for San Juan Pitorros : RHP Antonio Morales
|
|
Pitching: RHP Antonio Morales
|
|
|
Batting: RHB Dave Stegman
|
0-0: Foul Ball, location: 2F 0-1: Ball 1-1: Swinging Strike 1-2: Strikes out swinging
|
|
Batting: SHB Howard Johnson
|
0-0: Ball 1-0: Ball 2-0: Called Strike 2-1: Ball 3-1: Fly out, F5 (Popup, 5, EV 62.5 MPH)
|
|
Batting: LHB Leon Durham
|
0-0: Ball 1-0: Called Strike 1-1: Ball 2-1: Foul Ball, location: 2F 2-2: Hit by Pitch
|
|
Batting: RHB Mike Fuentes
|
0-0: Ball 1-0: Foul Ball, location: 2F 1-1: Ball 2-1: Ball 3-1: Foul Ball, location: 2F 3-2: Base on Balls Leon Durham to second
|
|
Batting: LHB Mike Greenwell
|
0-0: Called Strike 0-1: Swinging Strike 0-2: Ball 1-2: Ball 2-2: Strikes out looking
|
| Bottom of the 1st over - 0 runs, 0 hits, 0 errors, 2 left on base; San Juan 0 - Mazatlan 0 |
| TOP OF THE 2ND |
|
San Juan Pitorros batting - Pitching for Mazatlan Playas : RHP Rick Sutcliffe
|
|
Batting: RHB Bob Hendershot
|
0-0: Ball 1-0: Swinging Strike 1-1: Ball 2-1: Called Strike 2-2: SINGLE (Flyball, 9LS, EV 99.4 MPH)
|
|
Batting: SHB Dave Cochrane
|
0-0: 2-RUN HOME RUN (Flyball, 9LD, EV 106.3 MPH), Distance : 369 ft
|
|
Batting: RHB Rafael Ramirez
|
0-0: Reached on error, E5 (Groundball, 56, EV 88.8 MPH)
|
|
Batting: RHB Jim Opie
|
0-0: Ball 1-0: Grounds into double play, 4-6-3 (Groundball, 4, EV 86.3 MPH)
|
|
Batting: LHB Jeffrey Szczecinski
|
0-0: Called Strike 0-1: Called Strike 0-2: Foul Ball, location: 2F 0-2: Foul Ball, location: 2F 0-2: Ball 1-2: Fly out, F7 (Flyball, 78D, EV 93.8 MPH)
|
| Top of the 2nd over - 2 runs, 2 hits, 1 error, 0 left on base; San Juan 2 - Mazatlan 0 |
| BOTTOM OF THE 2ND |
|
Mazatlan Playas batting - Pitching for San Juan Pitorros : RHP Antonio Morales
|
|
Batting: LHB Matt Winters
|
0-0: Ball 1-0: Ball 2-0: Ball 3-0: Base on Balls
|
|
Batting: LHB Dan Rohn
|
0-0: Ball 1-0: Foul Ball, location: 2F 1-1: Ball 2-1: Swinging Strike 2-2: Strikes out swinging
|
|
Batting: LHB Daryl Boston
|
0-0: Swinging Strike 0-1: Called Strike 0-2: Foul Ball, location: 2F 0-2: Ball 1-2: Strikes out swinging
|
|
Batting: SHB Donnie Scott
|
0-0: Called Strike 0-1: Ball 1-1: Foul Ball, location: 2F 1-2: Ball 2-2: Strikes out swinging
|
| Bottom of the 2nd over - 0 runs, 0 hits, 0 errors, 1 left on base; San Juan 2 - Mazatlan 0 |
| TOP OF THE 3RD |
|
San Juan Pitorros batting - Pitching for Mazatlan Playas : RHP Rick Sutcliffe
|
|
Batting: RHB Mike A Marshall
|
0-0: Ball 1-0: Fly out, F4 (Flyball, 34D, EV 85.6 MPH)
|
|
Batting: RHB Tim Teufel
|
0-0: Ball 1-0: Fly out, F9 (Flyball, 9S, EV 89.4 MPH)
|
|
Batting: LHB Franklin Stubbs
|
0-0: Called Strike 0-1: Ball 1-1: Called Strike 1-2: Strikes out looking
|
| Top of the 3rd over - 0 runs, 0 hits, 0 errors, 0 left on base; San Juan 2 - Mazatlan 0 |
| BOTTOM OF THE 3RD |
|
Mazatlan Playas batting - Pitching for San Juan Pitorros : RHP Antonio Morales
|
|
Batting: RHB Dave Stegman
|
0-0: Foul Ball, location: 2F 0-1: Ball 1-1: Ball 2-1: Ball 3-1: Foul Ball, location: 2F 3-2: Base on Balls
|
|
Batting: SHB Howard Johnson
|
0-0: Called Strike 0-1: Ball 1-1: Ball 2-1: Ball 3-1: Fly out, F8 (Flyball, 8LS, EV 91.9 MPH)
|
|
Batting: LHB Leon Durham
|
0-0: Ball 1-0: Ground out U3 (Groundball, 13, EV 76.9 MPH) Dave Stegman to second
|
|
Batting: RHB Mike Fuentes
|
0-0: Ground out 4-3 (Groundball, 34, EV 86.9 MPH)
|
| Bottom of the 3rd over - 0 runs, 0 hits, 0 errors, 1 left on base; San Juan 2 - Mazatlan 0 |
| TOP OF THE 4TH |
|
San Juan Pitorros batting - Pitching for Mazatlan Playas : RHP Rick Sutcliffe
|
|
Batting: RHB Chris Brown
|
0-0: Ball 1-0: Swinging Strike 1-1: Ground out 6-3 (Groundball, 6, EV 84.4 MPH)
|
|
Batting: RHB Bob Hendershot
|
0-0: Ball 1-0: Called Strike 1-1: Ground out 5-3 (Groundball, 56, EV 102.5 MPH)
|
|
Batting: SHB Dave Cochrane
|
0-0: SINGLE (Groundball, 34D, EV 94.4 MPH)
|
|
Batting: RHB Rafael Ramirez
|
Pickoff Throw to First - Out! 1-3
|
| Top of the 4th over - 0 runs, 1 hit, 0 errors, 0 left on base; San Juan 2 - Mazatlan 0 |
| BOTTOM OF THE 4TH |
|
Mazatlan Playas batting - Pitching for San Juan Pitorros : RHP Antonio Morales
|
|
Batting: LHB Mike Greenwell
|
0-0: Ball 1-0: Ball 2-0: Ball 3-0: Called Strike 3-1: Foul Ball, location: 2F 3-2: Foul Ball, location: 2F 3-2: Base on Balls
|
|
Batting: LHB Matt Winters
|
0-0: Ball 1-0: Fly out, F8 (Flyball, 8RXD, EV 100.0 MPH)
|
|
Batting: LHB Dan Rohn
|
0-0: Foul Ball, location: 2F 0-1: Foul Ball, location: 2F 0-2: Fly out, F8 (Flyball, 8LXD, EV 78.1 MPH)
|
|
Batting: LHB Daryl Boston
|
0-0: Ball 1-0: Ball 2-0: Ball 3-0: Called Strike 3-1: Foul Ball, location: 2F 3-2: Strikes out looking
|
| Bottom of the 4th over - 0 runs, 0 hits, 0 errors, 1 left on base; San Juan 2 - Mazatlan 0 |
| TOP OF THE 5TH |
|
San Juan Pitorros batting - Pitching for Mazatlan Playas : RHP Rick Sutcliffe
|
|
Batting: RHB Rafael Ramirez
|
0-0: Ball 1-0: Called Strike 1-1: Ball 2-1: SINGLE (Groundball, 6MD, EV 105.0 MPH)
|
|
Batting: RHB Jim Opie
|
0-0: Called Strike 0-1: Swinging Strike 0-2: Ball 1-2: Fly out, F9 (Flyball, 9LM, EV 82.5 MPH)
|
|
Batting: LHB Jeffrey Szczecinski
|
0-0: Ball 1-0: Fielders Choice at 2nd, 4-6 (Groundball, 34, EV 83.8 MPH)
|
|
Batting: RHB Mike A Marshall
|
0-0: Swinging Strike 0-1: Ball 1-1: Ball Jeffrey Szczecinski steals 2nd base 2-1: Ball 3-1: DOUBLE (Line Drive, 89D, EV 108.1 MPH) Jeffrey Szczecinski scores
|
|
Batting: RHB Tim Teufel
|
0-0: Called Strike 0-1: Swinging Strike 0-2: Ball 1-2: Foul Ball, location: 2F 1-2: Strikes out swinging
|
| Top of the 5th over - 1 run, 2 hits, 0 errors, 1 left on base; San Juan 3 - Mazatlan 0 |
| BOTTOM OF THE 5TH |
|
Mazatlan Playas batting - Pitching for San Juan Pitorros : RHP Antonio Morales
|
|
Batting: SHB Donnie Scott
|
0-0: Fly out, F7 (Flyball, 78M, EV 87.5 MPH)
|
|
Batting: RHB Dave Stegman
|
0-0: Foul Ball, location: 2F 0-1: Called Strike 0-2: Fly out, F3 (Line Drive, 3, EV 74.4 MPH)
|
|
Batting: SHB Howard Johnson
|
0-0: Ball 1-0: Ball 2-0: Called Strike 2-1: Ball 3-1: Base on Balls
|
|
Batting: LHB Leon Durham
|
0-0: Swinging Strike 0-1: Single, Error in OF, E7, batter to second base (Groundball, 6D, EV 98.8 MPH) Howard Johnson to third
|
|
Batting: RHB Mike Fuentes
|
0-0: Called Strike 0-1: Ball 1-1: Ball 2-1: Fly out, F9 (Flyball, 9, EV 73.1 MPH)
|
| Bottom of the 5th over - 0 runs, 1 hit, 1 error, 2 left on base; San Juan 3 - Mazatlan 0 |
| TOP OF THE 6TH |
|
San Juan Pitorros batting - Pitching for Mazatlan Playas : RHP Rick Sutcliffe
|
|
Batting: LHB Franklin Stubbs
|
0-0: SINGLE (Line Drive, 7S, EV 92.5 MPH)
|
|
Batting: RHB Chris Brown
|
0-0: Ball 1-0: Called Strike 1-1: Foul Ball, location: 2F 1-2: Ball 2-2: Fly out, F8 (Flyball, 8RS, EV 96.9 MPH)
|
|
Batting: RHB Bob Hendershot
|
0-0: Swinging Strike 0-1: Ball 1-1: Called Strike 1-2: Strikes out looking
|
|
Batting: SHB Dave Cochrane
|
0-0: Ball 1-0: Called Strike 1-1: Ball 2-1: Foul Ball, location: 2F 2-2: Foul Ball, location: 2F 2-2: Ball 3-2: Ground out 6-3 (Groundball, 6, EV 86.9 MPH)
|
| Top of the 6th over - 0 runs, 1 hit, 0 errors, 1 left on base; San Juan 3 - Mazatlan 0 |
| BOTTOM OF THE 6TH |
|
Mazatlan Playas batting - Pitching for San Juan Pitorros : RHP Antonio Morales
|
|
Batting: LHB Mike Greenwell
|
0-0: Ball 1-0: Foul Ball, location: 2F 1-1: Ball 2-1: Swinging Strike 2-2: Strikes out swinging
|
|
Batting: LHB Matt Winters
|
0-0: Foul Ball, location: 2F 0-1: Fly out, F7 (Flyball, 7D, EV 84.4 MPH)
|
|
Batting: LHB Dan Rohn
|
0-0: Foul Ball, location: 2F 0-1: Swinging Strike 0-2: DOUBLE (Groundball, 3L, EV 99.4 MPH)
|
|
Batting: LHB Daryl Boston
|
0-0: Swinging Strike 0-1: Ball 1-1: Swinging Strike 1-2: Strikes out looking
|
| Bottom of the 6th over - 0 runs, 1 hit, 0 errors, 1 left on base; San Juan 3 - Mazatlan 0 |
| TOP OF THE 7TH |
|
San Juan Pitorros batting - Pitching for Mazatlan Playas : RHP Rick Sutcliffe
|
|
Batting: RHB Rafael Ramirez
|
0-0: Ball 1-0: Foul Ball, location: 2F 1-1: Swinging Strike 1-2: Ball 2-2: Foul Ball, location: 2F 2-2: Ball 3-2: Foul Ball, location: 2F 3-2: SINGLE (Groundball, 34S, EV 65.6 MPH) (infield hit)
|
|
Batting: RHB Jim Opie
|
0-0: Fly out, F8 (Flyball, 8LM, EV 75.0 MPH)
|
|
Batting: LHB Jeffrey Szczecinski
|
0-0: Called Strike 0-1: Called Strike 0-2: Ball 1-2: Ball 2-2: Ground out U3 (Groundball, 13, EV 84.4 MPH) Rafael Ramirez to second
|
|
Batting: RHB Mike A Marshall
|
0-0: Foul Ball, location: 2F 0-1: Ball 1-1: Ball 2-1: Ball 3-1: Foul Ball, location: 2F 3-2: Strikes out looking
|
| Top of the 7th over - 0 runs, 1 hit, 0 errors, 1 left on base; San Juan 3 - Mazatlan 0 |
| BOTTOM OF THE 7TH |
|
Mazatlan Playas batting - Pitching for San Juan Pitorros : RHP Antonio Morales
|
|
Batting: SHB Donnie Scott
|
0-0: Foul Ball, location: 2F 0-1: Ball 1-1: Ball 2-1: Foul Ball, location: 2F 2-2: Foul Ball, location: 2F 2-2: Ball 3-2: Foul Ball, location: 2F 3-2: SINGLE (Line Drive, 34D, EV 98.1 MPH)
|
|
Batting: RHB Dave Stegman
|
0-0: Ball 1-0: Foul Ball, location: 2F 1-1: Foul Ball, location: 2F 1-2: SINGLE (Line Drive, 89M, EV 83.8 MPH) Donnie Scott to second Runner from 2nd tries for 3rd, SAFE, throw by RF made to third
|
|
Batting: SHB Howard Johnson
|
0-0: Called Strike 0-1: Ball 1-1: Ball 2-1: Swinging Strike 2-2: Strikes out swinging
|
|
Pitching: RHP Mike Trujillo
|
|
|
Batting: LHB Leon Durham
|
0-0: Called Strike 0-1: SINGLE (Line Drive, 8RS, EV 103.1 MPH) Donnie Scott scores Dave Stegman to second
|
|
Batting: RHB Mike Fuentes
|
0-0: Foul Ball, location: 2F 0-1: Ball 1-1: Ball 2-1: 3-RUN HOME RUN (Flyball, 7LD, EV 107.5 MPH), Distance : 351 ft
|
|
Batting: LHB Mike Greenwell
|
0-0: Ball 1-0: Swinging Strike 1-1: Called Strike 1-2: Strikes out swinging
|
|
Batting: LHB Matt Winters
|
0-0: Called Strike 0-1: Foul Ball, location: 2F 0-2: Foul Ball, location: 2F 0-2: Strikes out swinging
|
| Bottom of the 7th over - 4 runs, 4 hits, 0 errors, 0 left on base; San Juan 3 - Mazatlan 4 |
| TOP OF THE 8TH |
|
San Juan Pitorros batting - Pitching for Mazatlan Playas : RHP Rick Sutcliffe
|
|
Batting: RHB Tim Teufel
|
0-0: Called Strike 0-1: Foul Ball, location: 2F 0-2: Foul Ball, location: 2F 0-2: Ball 1-2: SOLO HOME RUN (Flyball, 78XD, EV 98.8 MPH), Distance : 460 ft
|
|
Batting: LHB Franklin Stubbs
|
0-0: Fly out, F8 (Flyball, 78XD, EV 98.8 MPH)
|
|
Batting: RHB Chris Brown
|
0-0: Ball 1-0: Foul Ball, location: 2F 1-1: Foul Ball, location: 2F 1-2: Foul Ball, location: 2F 1-2: Foul Ball, location: 2F 1-2: Foul Ball, location: 2F 1-2: Strikes out swinging
|
|
Batting: RHB Bob Hendershot
|
0-0: Foul Ball, location: 2F 0-1: Foul Ball, location: 2F 0-2: Ball 1-2: Strikes out looking
|
| Top of the 8th over - 1 run, 1 hit, 0 errors, 0 left on base; San Juan 4 - Mazatlan 4 |
| BOTTOM OF THE 8TH |
|
Mazatlan Playas batting - Pitching for San Juan Pitorros : RHP Mike Trujillo
|
|
Batting: LHB Dan Rohn
|
0-0: Called Strike 0-1: Foul Ball, location: 2F 0-2: Strikes out swinging
|
|
Batting: LHB Daryl Boston
|
0-0: Fly out, F8 (Flyball, 8LM, EV 83.8 MPH)
|
|
Batting: SHB Donnie Scott
|
0-0: Called Strike 0-1: Called Strike 0-2: Ball 1-2: Strikes out swinging
|
| Bottom of the 8th over - 0 runs, 0 hits, 0 errors, 0 left on base; San Juan 4 - Mazatlan 4 |
| TOP OF THE 9TH |
|
San Juan Pitorros batting - Pitching for Mazatlan Playas : RHP Rick Sutcliffe
|
|
Batting: SHB Dave Cochrane
|
0-0: Ball 1-0: Ground out U3 (Groundball, 34S, EV 86.9 MPH)
|
|
Batting: SHB Ozzie Smith
|
0-0: Called Strike 0-1: Called Strike 0-2: Ball 1-2: Ball 2-2: Foul Ball, location: 2F 2-2: Ground out 4-3 (Groundball, 4, EV 106.3 MPH)
|
|
Pinch Hitting: LHB Pat Dodson
|
0-0: Ball 1-0: Foul Ball, location: 2F 1-1: Foul Ball, location: 2F 1-2: Strikes out swinging
|
| Top of the 9th over - 0 runs, 0 hits, 0 errors, 0 left on base; San Juan 4 - Mazatlan 4 |
| BOTTOM OF THE 9TH |
|
Mazatlan Playas batting - Pitching for San Juan Pitorros : RHP Mike Trujillo
|
|
Now in RF: Bruce Boisclair
|
|
|
Batting: RHB Dave Stegman
|
0-0: Called Strike 0-1: DOUBLE (Groundball, 5L, EV 101.3 MPH)
|
|
Batting: SHB Howard Johnson
|
0-0: Called Strike 0-1: Ball 1-1: Swinging Strike 1-2: Ball 2-2: Ground out 2-3 (Groundball, 13S, EV 70.0 MPH) Dave Stegman to third
|
|
Batting: LHB Leon Durham
|
0-0: Intentional Walk
|
|
Batting: RHB Mike Fuentes
|
0-0: Called Strike 0-1: Foul Ball, location: 2F 0-2: Foul Ball, location: 2F 0-2: Ball 1-2: Foul Ball, location: 2F 1-2: Fly out, F4 (Flyball, 4D, EV 93.8 MPH)
|
|
Batting: LHB Mike Greenwell
|
0-0: Called Strike 0-1: Foul Ball, location: 2F 0-2: Ball 1-2: Ball 2-2: Foul Ball, location: 2F 2-2: Ball 3-2: Foul Ball, location: 2F 3-2: SINGLE (Line Drive, 89S, EV 96.3 MPH) Dave Stegman scores
|
| Bottom of the 9th over - 1 run, 2 hits, 0 errors, 0 left on base; San Juan 4 - Mazatlan 5 |
|